 Dungeon Crawl Stone Soup version 0.24.0-13-gcf9b3192b9 (webtiles) character file.

Game seed: 15465425986174440341, levelgen mode: deterministic

7 Esekla the Skirmisher (level 2, 0/16 HPs)
             Began as a Vine Stalker Abyssal Knight on Nov 10, 2019.
             Was an Initiate of Lugonu.
             Slain by a bullfrog zombie (2 damage)
             ... on level 3 of the Dungeon.
             The game lasted 00:06:06 (637 turns).

Esekla the Skirmisher (Vine Stalker Abyssal Knight)  Turns: 637, Time: 00:06:07

Health: 0/16       AC:  3    Str: 14    XL:     2   Next: 4%
Magic:  0/4        EV: 11    Int: 12    God:    Lugonu [......]
Gold:   36         SH:  0    Dex: 13    Spells: 1/1 levels left

rFire    . . .     SeeInvis .   a - +1 falchion
rCold    . . .     Gourm    .   (no shield)
rNeg     . . .     Faith    .   b - +0 leather armour
rPois    .         Spirit   +   (no helmet)
rElec    .         Reflect  .   (no cloak)
rCorr    .         Harm     .   (no gloves)
MR       .....                  (no boots)
Stlth    +.........             f - amulet of rage
HPRegen  0.05/turn              (no ring)
MPRegen  0.09/turn              (no ring)

@: no status effects
A: fangs 2, magic shield, antimagic bite, no potion heal 3, rot immunity
a: Renounce Religion, Evoke Berserk Rage


You were on level 3 of the Dungeon.
You worshipped Lugonu.
Lugonu was noncommittal.
You were not hungry.

You visited 1 branch of the dungeon, and saw 3 of its levels.
You visited the Abyss 1 time.

You collected 36 gold pieces.

Inventory:

Hand Weapons
 a - a +1 falchion (weapon)
Armour
 b - a +0 leather armour (worn)
Jewellery
 f - an amulet of rage (around neck)
Scrolls
 g - a scroll of teleportation {unknown}
 j - 2 scrolls of remove curse {unknown}
 k - a scroll of identify {unknown}
 l - a scroll of fear {unknown}
 m - a scroll of magic mapping {unknown}
Potions
 d - a potion of might {unknown}
 e - a potion of resistance {unknown}
 h - 2 potions of agility {unknown}
 i - a potion of brilliance {unknown}
Comestibles
 c - a ration


   Skills:
 * Level 3.1 Fighting
 + Level 1.7 Long Blades
 + Level 1.5 Armour
 + Level 0.7 Dodging
 + Level 1.8 Invocations


You had one spell level left.
You didn't know any spells.
Your spell library was empty.

Dungeon Overview and Level Annotations

Branches:
Dungeon (3/15)

Altars:
Xom


Innate Abilities, Weirdness & Mutations

You have extremely sharp teeth.
When hurt, damage is shared between your health and your magic reserves.
Your bite disrupts and absorbs the magic of your enemies.
Potions cannot restore your health.
You are immune to rotting.


Message History

The bullfrog zombie hits you.
You hit the bullfrog zombie. Your bite misses the bullfrog zombie.
The bullfrog zombie is lightly damaged.
The bat misses you. The bat hits you but does no damage.
The bullfrog zombie hits you. x2
* * * LOW HITPOINT WARNING * * *
The bat hits you but does no damage.
You closely miss the bullfrog zombie.
The bullfrog zombie is lightly damaged.
The bat closely misses you. The bullfrog zombie closely misses you.
You riposte.
You hit the bullfrog zombie.
The bullfrog zombie is moderately damaged.
You slash the bullfrog zombie! Your bite misses the bullfrog zombie.
The bullfrog zombie is heavily damaged.
The bat hits you but does no damage. The bullfrog zombie barely misses you.
The bullfrog zombie closely misses you.
You hit the bullfrog zombie. Your bite misses the bullfrog zombie.
The bullfrog zombie is heavily damaged.
The bat closely misses you. x2; The bullfrog zombie hits you.
You die...

.......... ... .
.......... ... ..
.....)#.#...
#.##....#.#.#
#......).#...##..
#..#.............
.........<#.###).
#...#..Zb....$..
........@##..##..
......#### #.#
..#### )# . . .
..


You could see a bullfrog zombie and a bat.

Vanquished Creatures
  A worm (D:2)
  A giant cockroach (D:1)
  A bat (D:2)
  A goblin (D:3)
  2 rats (D:2)
6 creatures vanquished.

Notes
Turn   | Place    | Note
-------+----------+-------------------------------------------
     0 | Abyss:1  | Esekla the Vine Stalker Abyssal Knight began the quest for
                  | the Orb.
     0 | Abyss:1  | Reached XP level 1. HP: 11/11 MP: 3/3
    81 | Abyss:1  | Noticed a large abomination
   141 | Abyss:3  | Noticed a storm dragon zombie
   157 | Abyss:3  | Found a corrupted altar of Lugonu.
   194 | Abyss:4  | Noticed a crystal guardian
   194 | Abyss:4  | Noticed a crystal guardian
   194 | Abyss:4  | Noticed a guardian serpent
   194 | Abyss:4  | Noticed a great orb of eyes
   194 | Abyss:4  | Noticed a great orb of eyes
   194 | Abyss:4  | Noticed a guardian serpent
   195 | Abyss:4  | Noticed a great orb of eyes
   199 | D:1      | Escaped the Abyss
   325 | D:2      | Found a shimmering altar of Xom.
   383 | D:2      | Reached skill level 3 in Fighting
   511 | D:2      | Reached XP level 2. HP: 10/16 MP: 4/4
   637 | D:3      | Slain by a bullfrog zombie

Levels and vault maps discovered:
D:1:      lightli_arrival_windingriver, layout_basic, minmay_tetromino_s2
D:2:      layout_loops_ring, xom_teletrap_fun, first_ration
D:3:      layout_rooms, ebering_ghost_reflecting_pool, uniq_jessica, uniq_ijyb

Skill      XL: |  1 |
---------------+----+-----
Fighting       | 3 |  3.1
Long Blades    | |  1.7
Armour         | |  1.5
Dodging        | |  0.7
Invocations    | |  1.8

Action                   || total
-------------------------++-------
Melee: Falchion          ||    24
       Bite              ||     6
Invok: Depart the Abyss  ||     1
Armor: Leather armour    ||    11
Dodge: Dodged            ||    14
       Rpst.: Falchion   ||     4
